AoeStats
← KINDSOUL

Arena

510805767Analyzed
1v1 RM · 1d ago on Oct 2, 2026· 62m 18s· 2 players
Game mode
Random Map
Map size
Tiny (2 player)
Population
200
Speed
Normal
Resources
Standard
Victory
Conquest
Starting age
Dark Age
Ending age
Imperial Age
RankedLock teamsTeams togetherTeam positionsShared explorationLock speedFull tech treeHidden civsTurbo modeCheats
Victory
Defeat
🇪🇸 Maya · Spain
811
+14
🇺🇸 Turks · United States
770
-14
CBarkley23
0:36 Loom
11:59 Feudal Age
13:15 Wheelbarrow
12:27 Double-Bit Axe
12:35 Gold Mining
13:48 Horse Collar
20:51 Castle Age
19:00 Stone Mining
21:36 Fletching
21:46 Padded Archer Armor
22:03 Heavy Plow
22:14 Bow Saw
22:30 Hand Cart
22:51 Elite Skirmisher
25:52 Bodkin Arrow
27:42 Leather Archer Armor
31:32 Thumb Ring
41:29 Ballistics
43:24 Stone Shaft Mining
42:43 Treadmill Crane
43:16 Masonry
43:09 Scale Mail Armor
43:19 Forging
43:45 Eagle Warrior
44:26 Squires
45:17 Chain Mail Armor
45:37 Iron Casting
47:58 Arson
48:01 Pikeman
48:59 Guard Tower
49:20 Fortified Wall
54:32 Imperial Age
51:49 Town Watch
54:07 Hul'che Javelineers
55:20 Town Patrol
54:58 Halberdier
57:04 Ring Archer Armor
56:34 Bracer
57:04 Plate Mail Armor
57:35 Blast Furnace
56:58 Conscription
58:06 Hoardings
58:47 Two-Man Saw
58:27 Crop Rotation
59:09 Holcans
58:50 Elite Eagle Warrior
60:40 Architecture
61:26 Chemistry
KINDSOUL
5:33 Loom
12:15 Feudal Age
13:23 Town Watch
14:01 Double-Bit Axe
18:00 Castle Age
16:27 Horse Collar
19:59 Bow Saw
19:46 Gold Mining
22:18 Fletching
29:58 Imperial Age
41:13 Wheelbarrow
40:39 Town Patrol
42:26 Ballistics
44:21 Elite Janissary
49:32 Hand Cart
50:19 Two-Man Saw
49:57 Gold Shaft Mining
58:11 Guilds
59:21 Bloodlines
59:29 Forging
59:20 Padded Archer Armor
59:26 Scale Barding Armor
59:32 Heavy Plow
Connection lost

Rejoining the realm…

Still unreachable

The connection could not be restored.

Session expired

The server has moved on; the page needs a fresh start.